 Dungeon Crawl Stone Soup version 0.30.1-4-g462c640d31 (webtiles) character file.

Game seed: 13902829910233904477

670 lonewolfV2 the Chopper (level 8, 0/51 HPs)
             Began as a Meteoran Fighter on Aug 23, 2023.
             Was a Follower of Zin.
             Slain by a jelly (2 damage)
             ... on level 6 of the Dungeon.
             The game lasted 00:08:10 (2963 turns).

lonewolfV2 the Chopper (Meteoran Fighter)           Turns: 2963, Time: 00:08:12

Health: 0/51       AC:  8    Str: 19    XL:     8   Next: 13%
Magic:  9/9        EV: 10    Int: 10    God:    Zin [*.....]
Gold:   76         SH:  0    Dex: 14    Spells: 7/7 levels left

rFire   . . .        v - +2 flail (protect)
rCold   . . .        c - +0 buckler
rNeg    . . .        b - +1 scale mail
rPois   .            (no helmet)
rElec   .            (no cloak)
rCorr   .            (no gloves)
SInv    .            (no boots)
Will    +....        (no amulet) Stlth
                     (no ring)
HPRegen 0.28/turn    (no ring)
MPRegen 0.11/turn

%: no passive effects
@: confused, ambrosia-drunk, glowing
A: sense surroundings 1, otherworldly, glowing, explore regen
a: Renounce Religion, Recite, Donate Gold


You were on level 6 of the Dungeon.
You worshipped Zin.
Zin was aware of your devotion.
You visited 2 branches of the dungeon, and saw 7 of its levels.

You collected 150 gold pieces.
You donated 74 gold pieces to Zin.

Inventory:

Hand Weapons
 a - a +0 war axe of protection
 v - a +2 flail of protection (weapon)
Missiles
 j - a throwing net (quivered)
Armour
 b - a +1 scale mail (worn)
 c - a +0 buckler (worn)
Jewellery
 u - a ring of protection from fire
Wands
 o - a wand of light (3)
 q - a wand of roots (5)
Scrolls
 k - 4 scrolls of teleportation
 s - a scroll of brand weapon
 t - a scroll of identify
Potions
 d - 2 potions of might
 e - a potion of brilliance
 f - a potion of berserk rage
 g - 2 potions of attraction
 h - a potion of degeneration {unknown}
 i - 2 potions of haste
 l - a potion of curing
 m - a potion of cancellation {unknown}
 p - a potion of lignification {unknown}
 r - a potion of mutation {unknown}


   Skills:
 + Level 4.4 Fighting
 + Level 7.6 Axes
 + Level 1.2(5.3) Maces & Flails
 + Level 5.2 Armour
 + Level 1.4 Dodging
 + Level 4.6 Shields


You had 7 spell levels left.
You didn't know any spells.
Your spell library contained the following spells:

 Spells                   Type           Power      Damage    Failure   Level
 Necrotise                Necr           0%         1d4       78%         1
 Scorch                   Fire           0%         2d5       89%         2
 Vampiric Draining        Necr           0%         2d6       98%         3
 Flame Wave               Conj/Fire      0%         2d4       100%        4
 Agony                    Necr           0%         N/A       100%        5
 Fireball                 Conj/Fire      0%         3d3       100%        5
 Iskenderun's Battlesphe  Conj           0%         2d6       100%        5
 Conjure Ball Lightning   Conj/Air       0%         3x3d6     100%        6
 Summon Cactus Giant      Summ           0%         N/A       100%        6
 Orb of Destruction       Conj           0%         9d5       100%        7


Dungeon Overview and Level Annotations

Branches:
Dungeon (6/15) Zot: 770    Temple (1/1) D:4 Zot: 556

Altars:
Ashenzari
Makhleb
Okawaru
Sif Muna
Uskayaw
Wu Jian
Zin


Innate Abilities, Weirdness & Mutations

You passively map a small area around you.
You are easily found by Zot.
You glow in the dark.
You regain HP and MP as you explore.


Message History

The orc priest hits you but does no damage.
You block the iguana's attack.
The steam dragon bites you but does no damage.
The steam dragon closely misses you. The adder completely misses you.
The iguana barely misses you.
The orc priest hits you with a +0 dagger.
* * * LOW HITPOINT WARNING * * *
The steam dragon closely misses you.
The steam dragon claws you but does no damage.
You closely miss the steam dragon.
The steam dragon is almost dead.
You feel sick. The adder bites you but does no damage.
The orc priest casts a cantrip, but nothing happens.
The steam dragon bites you but does no damage.
The steam dragon claws you but does no damage.
The iguana barely misses you.
You feel better. The adder closely misses you. The iguana closely misses you.
The orc priest mumbles some strange prayers to Beogh against you.
Beogh smites you!
* * * LOW HITPOINT WARNING * * *
The steam dragon closely misses you.
The steam dragon claws you but does no damage.
The adder bites you but does no damage.
You are confused.
You feel invigorated. The adder bites you but does no damage.
The orc priest hits you but does no damage.
The jelly jiggles.
The jelly hits you but does no damage.
The iguana bites you but does no damage.
The steam dragon bites you.
* * * LOW HITPOINT WARNING * * *
The steam dragon barely misses you.
You miss the steam dragon.
The steam dragon is almost dead.
The adder misses you.
The orc priest hits you but does no damage.
The iguana bites you.
* * * LOW HITPOINT WARNING * * *
The jelly hits you.
You die...

, , , * * ,
.............
............ *
,.......... **
,.......# , ..>
, #.....## ,
....###......###
, ,
#.....SDJ#...# ,
,, , #.l@.....#
, , #..o.....# ,
#...)......# , *
#..#.......#
##.##....### ..
.....# , #..
##..## *#.. ..#
,,


You could see a steam dragon, an iguana, a jelly, an orc priest and an adder.

Vanquished Creatures
  A centaur (D:5)
  A jelly (D:5)
  An orc priest (D:4)
  2 gnoll boudas (D:5)
  An iguana (D:4)
  A sleepcap (D:5)
  Ijyb (D:3)
  Natasha (twice) (D:2)
  An orc wizard (D:6)
  Robin (D:2)
  15 gnolls
  2 adders (D:4)
  An ufetubus (D:3)
  4 worms
  2 dart slugs
  9 orcs
  9 ball pythons
  3 bats
  9 endoplasms
  4 giant cockroaches
  19 goblins
  8 hobgoblins
  8 jackals (D:1)
  2 quokkas (D:3)
  5 frilled lizards
  5 kobolds
  6 rats
123 creatures vanquished.

Notes
Turn   | Place    | Note
-------+----------+-------------------------------------------
     0 | D:1      | lonewolfV2 the Meteoran Fighter began the quest for the
                  | Orb.
     0 | D:1      | Reached XP level 1. HP: 19/19 MP: 2/2
    47 | D:1      | Reached XP level 2. HP: 26/26 MP: 3/3
   108 | D:1      | Reached XP level 3. HP: 31/31 MP: 4/4
   164 | D:1      | Reached skill level 3 in Axes
   363 | D:1      | Found a faded altar of an unknown god.
   472 | D:1      | Glimpsed the power of Zot.
   539 | D:2      | Reached XP level 4. HP: 40/40 MP: 5/5
   692 | D:2      | Noticed Natasha
   701 | D:2      | Killed Natasha
   702 | D:2      | Reached skill level 4 in Axes
   740 | D:2      | Noticed Robin
   760 | D:2      | Reached XP level 5. HP: 46/46 MP: 6/6
   765 | D:2      | Killed Robin
   873 | D:2      | Noticed Natasha
   881 | D:2      | Killed Natasha
  1039 | D:3      | Reached skill level 5 in Axes
  1041 | D:3      | Reached XP level 6. HP: 23/52 MP: 7/7
  1337 | D:3      | Noticed Ijyb
  1351 | D:3      | Killed Ijyb
  1619 | D:3      | Glimpsed the power of Zot.
  1676 | D:4      | Reached skill level 6 in Axes
  1676 | D:4      | Reached skill level 1 in Dodging
  1799 | D:4      | Reached XP level 7. HP: 59/59 MP: 8/8
  1952 | D:4      | Found a sand-covered staircase.
  2164 | D:4      | Found a staircase to the Ecumenical Temple.
  2206 | D:4      | Glimpsed the power of Zot.
  2218 | Temple   | Entered the Ecumenical Temple
  2242 | Temple   | Became a worshipper of Zin the Law-Giver
  2242 | Temple   | Reached * piety under Zin
  2245 | Temple   | Donated 59 gold pieces to Zin
  2300 | D:4      | Glimpsed the power of Zot.
  2339 | D:5      | Entered Level 5 of the Dungeon
  2409 | D:5      | Reached skill level 7 in Axes
  2409 | D:5      | Reached skill level 5 in Armour
  2838 | D:5      | Glimpsed the power of Zot.
  2885 | D:5      | Reached XP level 8. HP: 67/67 MP: 9/9
  2887 | D:5      | Glimpsed the power of Zot.
  2926 | D:5      | Reached skill level 1 in Maces & Flails
  2926 | D:5      | Glimpsed the power of Zot.
  2936 | D:5      | Touched by the power of Zot.
  2944 | D:6      | Noticed a steam dragon
  2961 | D:6      | HP: 1/51 [orc priest/divine providence (16)]
  2963 | D:6      | Slain by a jelly

Illustrated notes

Levels and vault maps discovered:
D:1:      elethiomel_arrival_maze, layout_rooms, basic_ecumenical_altar
D:2:      layout_basic, uniq_robin, uniq_natasha
D:3:      minmay_inner_zag, layout_basic, nicolae_wormholes, uniq_ijyb
D:4:      layout_basic, minmay_temple_entry_stoned_glass,
          nicolae_ossuary_entry_false_entrances, st_stairs_10,
          nicolae_kite_square_tiling_tiny
D:5:      layout_basic, serial_shops, nicolae_shop_pleasant_corner_grove,
          uniq_blork_the_orc
D:6:      kennysheep_six_static_rooms, layout_cave_pools,
          nicolae_hepliaklqana_ecumenical_no_more,
          chequers_serial_rivers_micro_a
Temple:   eino_temple_water

Skill      XL: |  1  2  3  4  5  6  7  8 |
---------------+-------------------------+-----
Armour         | 4 5 |  5.2
Shields        | 4 |  4.6
Axes           | 3 4 5 6 7 |  7.6
Fighting       | 4 |  4.4
Dodging        | 1 |  1.4
Maces & Flails | 1 |  1.2

Action                     |  1- 3 |  4- 6 |  7- 9 || total
---------------------------+-------+-------+-------++-------
  Melee: War axe           |    75 |   208 |    71 ||   354
         Flail             |       |       |    33 ||    33
 Invoke: Donate Gold       |       |       |     1 ||     1
    Use: Scroll            |       |     7 |     3 ||    10
         Potion            |       |       |     3 ||     3
 Armour: Scale mail        |    46 |   148 |    92 ||   286
  Dodge: Dodged            |    42 |    92 |    66 ||   200
  Block: Buckler           |    21 |    65 |    30 ||   116
